 Dungeon Crawl Stone Soup version 0.21.1-1-g345015fe64 (webtiles) character file.

46 Kholdaimon the Sneak (level 3, 0/24 HPs)
             Began as a Vampire Enchanter on June 23, 2018.
             Slain by a jackal (3 damage)
             ... on level 2 of the Dungeon.
             The game lasted 00:14:34 (3101 turns).

Kholdaimon the Sneak (Vampire Enchanter)            Turns: 3101, Time: 00:14:35

Health: 0/24       AC:  2    Str:  8    XL:     3   Next: 46%
Magic:  1/6        EV: 13    Int: 17    God:
Gold:   97         SH:  0    Dex: 14    Spells: 3/6 levels left

rFire    . . .     SeeInvis +   a - +1 dagger
rCold    + . .     Gourm    .   (no shield)
rNeg     + + .     Faith    .   b - +0 robe
rPois    +         Spirit   .   e - +0 hat
rElec    .         Reflect  .   (no cloak)
rCorr    .         Harm     .   (no gloves)
MR       .....                  (no boots)
Stlth    ++++......             (no amulet)
HPRegen  0.04/turn              (no ring)
MPRegen  0.10/turn              (no ring)

@: very slightly contaminated, regenerating slowly
A: fangs 3, see invisible, unbreathing
a: Bat Form


You were on level 2 of the Dungeon.
You were thirsty.

You visited 1 branch of the dungeon, and saw 2 of its levels.

You collected 97 gold pieces.

Inventory:

Hand Weapons
 a - a +1 dagger (weapon)
 h - a +0 short sword
Missiles
 g - 77 stones (quivered)
 j - 9 arrows
 q - 9 bolts
Armour
 b - a +0 robe (worn)
 e - a +0 hat (worn)
 l - a +0 leather armour
 n - a +1 leather armour of fire resistance
Scrolls
 i - a scroll of remove curse {unknown}
 k - a scroll of teleportation {unknown}
 m - a scroll of identify {unknown}
 p - a scroll of random uselessness {unknown}
Potions
 d - 11 potions of blood
 f - 2 potions of flight {unknown}
 o - a potion of mutation {unknown}
Books
 c - a book of Maledictions

   Spells                             Type                      Level
   a - Corona                         Hexes                        1
   b - Ensorcelled Hibernation        Hexes/Ice                    2
   c - Confuse                        Hexes                        3
   d - Tukima's Dance                 Hexes                        3
   e - Dazzling Spray                 Conjuration/Hexes            3


   Skills:
 * Level 2.0 Short Blades
 * Level 3.0 Dodging
 * Level 5.1 Stealth
 + Level 2.2 Spellcasting
 + Level 4.7 Hexes


You had 3 spell levels left.
You knew the following spells:

 Your Spells              Type           Power        Failure   Level  Hunger
a - Corona                Hex            ###....      2%          1    #......
b - Ensorcelled Hibernat  Hex/Ice        #.....       11%         2    ###....


Dungeon Overview and Level Annotations

Branches:
Dungeon (2/15)

Altars:
Fedhas


Innate Abilities, Weirdness & Mutations

You heal slowly.
You have razor-sharp teeth.
You have supernaturally acute eyesight. (SInv)
You can survive without breathing.


Message History

You barely miss the jackal.
The jackal is severely wounded.
The jackal barely misses you. The jackal bites you.
* * * LOW HITPOINT WARNING * * *
The jackal closely misses you. The jackal barely misses you.
You closely miss the jackal.
The jackal is severely wounded.
The jackal bites you but does no damage.
The jackal barely misses you. The jackal misses you.
The jackal closely misses you.
You barely miss the jackal.
The jackal is severely wounded.
The jackal misses you.
The jackal barely misses you. x2; The jackal bites you.
* * * LOW HITPOINT WARNING * * *
You hit the jackal.
You kill the jackal!
The jackal bites you.
* * * LOW HITPOINT WARNING * * *
The jackal bites you.
You die...

#.# .#... #.#
#.... #.#
#...#####.
#.#####.........
#.#.............
#.#.............
#.#.............
#.'.....†...$.##
###....@hg......
#.....h.......
#.............
#.............
#...####.#....
#...# .#####
#...# +# #####


You could see 2 jackals and a goblin.

Vanquished Creatures
  An adder (D:2)
  2 dart slugs
  2 leopard geckos (D:1)
  5 goblins (D:2)
  3 hobgoblins
  2 jackals (D:2)
  A quokka (D:2)
  A ball python (D:1)
  6 bats
  3 frilled lizards (D:1)
  3 kobolds
  2 rats (D:2)
31 creatures vanquished.

Vanquished Creatures (others)
  4 toadstools (D:1)
4 creatures vanquished.

Grand Total: 35 creatures vanquished

Notes
Turn   | Place    | Note
-------+----------+-------------------------------------------
     0 | D:1      | Kholdaimon the Vampire Enchanter began the quest for the Orb.
     0 | D:1      | Reached XP level 1. HP: 13/13 MP: 3/3
   655 | D:1      | Reached XP level 2. HP: 19/19 MP: 5/5
  1488 | D:1      | Learned a level 2 spell: Ensorcelled Hibernation
  1807 | D:2      | Found a blossoming altar of Fedhas.
  2554 | D:2      | Reached skill level 5 in Stealth
  2554 | D:2      | Reached XP level 3. HP: 7/24 MP: 2/6
  3101 | D:2      | Slain by a jackal

Skill      XL: |  1  2  3 |
---------------+----------+-----
Short Blades   | 2 |  2.0
Stealth        | 5 |  5.1
Dodging        | 3 |  3.0
Spellcasting   | |  2.2
Hexes          | |  4.7

Action                   || total
-------------------------++-------
Melee: Dagger            ||   122
       Bite              ||     2
 Cast: Ensorcelled Hiber ||     4
  Use: Potion            ||     4
 Stab: Sleeping          ||    14
Armor: Robe              ||    30
Dodge: Dodged            ||    99
